Map: [ESL] Gresvan

Players

Clem - Winner!

  • Race: Terran Terran
  • Spawn Location: 5:00

Hellraiser

  • Race: Protoss Protoss
  • Spawn Location: 11:00

Event: ESL SC2 Masters 2023 Summer (Regionals)

VOD

Have the link to the VOD?

Description

Time

  • Played on: May 9, 2023, 9:30 a.m.
  • Length: 17:19

All games in this series

Show
View Real Time Build Order
Export as new Build Order

Clem Terran - Winner!

Build Orders: Reaper Expand 

Get SALT Encoding   

  12  0:00  SCV  
  13  0:12  SCV  
  14  0:17  Supply Depot  
  14  0:24  SCV  
  15  0:38  SCV  
  15  0:40  Barracks  
  16  0:43  Refinery  
  16  0:50  SCV  
  17  1:02  SCV  
  18  1:15  SCV  
  19  1:26  Reaper  
  19  1:27  Orbital Command  
  20  1:40  Command Center  
  20  1:47  Supply Depot  
  20  1:52  SCV  
  21  1:58  Marine  
  22  2:04  SCV  
  23  2:09  Factory  
  23  2:14  Bunker  
  23  2:21  SCV  
  23  2:22  Barracks Reactor  
  24  2:29  Barracks  
  24  2:33  SCV  
  25  2:38  Refinery  
  25  2:45  SCV  
  26  2:53  Factory Tech Lab  
  26  2:57  Orbital Command  
  27  2:58  SCV  
  27  2:59  Marine  
  27  3:00  Marine  
  29  3:10  SCV  
  30  3:13  Cyclone  
  30  3:18  Marine x2, Barracks Tech Lab  
  35  3:22  SCV  
  35  3:23  SCV  
  37  3:29  Supply Depot  
  37  3:34  SCV  
  37  3:35  SCV  
  37  3:38  Marine  
  37  3:39  Engineering Bay  
  40  3:44  Marine  
  40  3:46  Marine, SCV  
  43  3:49  Supply Depot  
  43  3:50  SCV  
  43  3:55  Stimpack  
  43  3:59  SCV  
  43  4:02  SCV  
  45  4:03  Siege Tank  
  45  4:07  Marine  
  45  4:08  Marine x2  
  51  4:12  SCV  
  51  4:14  SCV  
  53  4:20  Supply Depot  
  53  4:22  Barracks  
  53  4:24  SCV  
  53  4:26  SCV  
  53  4:27  Marine  
  53  4:28  Marine  
  57  4:33  Marauder  
  57  4:37  SCV  
  59  4:39  SCV  
  59  4:40  Terran Infantry Weapons Level 1  
  60  4:48  Starport, Refinery  
  60  4:51  SCV  
  60  4:52  Factory Reactor  
  61  4:55  SCV  
  61  4:56  Supply Depot  
  61  4:57  Marine x2  
  65  5:01  Marauder  
  65  5:03  SCV  
  65  5:06  Refinery  
  67  5:07  SCV  
  68  5:15  Marine, SCV  
  68  5:16  Supply Depot  
  68  5:17  Marine  
  68  5:18  Combat Shield  
  68  5:19  SCV  
  68  5:20  Marauder  
  74  5:26  Medivac  
  74  5:27  SCV  
  77  5:31  Supply Depot  
  77  5:34  Marine  
  78  5:38  Widow Mine x2, Marauder  
  78  5:39  Marine  
  78  5:40  Supply Depot  
  78  5:41  Concussive Shells  
  85  5:49  SCV  
  86  5:52  Marauder, Supply Depot  
  86  5:55  Marine  
  89  5:57  Marine  
  89  5:59  Marauder  
  89  6:03  Medivac  
  94  6:04  Medivac  
  94  6:07  Factory Reactor  
  96  6:12  Command Center  
  96  6:15  Marine x2  
  98  6:20  Supply Depot  
  98  6:22  Marauder  
  98  6:25  Marauder  
  102  6:34  Marine x2  
  102  6:36  Medivac  
  102  6:37  Medivac  
  106  6:41  Terran Infantry Armor Level 1  
  106  6:42  Supply Depot  
  106  6:46  Marauder  
  108  6:51  Widow Mine, Marauder  
  108  6:52  Widow Mine, Marine x2  
  115  6:59  SCV x2  
  116  7:06  Barracks  
  116  7:08  Barracks  
  116  7:10  Supply Depot  
  116  7:14  Widow Mine x2  
  120  7:16  Marauder  
  120  7:20  Marine x2  
  120  7:22  Marauder  
  126  7:26  Supply Depot  
  126  7:29  SCV x2  
  128  7:36  Widow Mine x2  
  131  7:41  SCV x2  
  131  7:42  Supply Depot  
  131  7:43  Marauder  
  135  7:45  Marauder  
  135  7:48  Orbital Command  
  135  7:51  Marine x2  
  137  7:53  SCV  
  137  7:56  Barracks Reactor, Barracks Tech Lab  
  137  7:57  Medivac x2  
  144  8:00  Widow Mine  
  144  8:02  Widow Mine, SCV  
  149  8:11  Marine, Marauder x2  
  147  8:15  SCV  
  147  8:16  Marauder  
  135  8:21  Widow Mine, SCV x2  
  135  8:24  Widow Mine  
  135  8:26  Ghost Academy  
  135  8:28  Marine  
  135  8:29  Medivac  
  135  8:30  Medivac  
  135  8:31  SCV  
  135  8:33  Marauder x2, Marine  
  135  8:34  Marine x2  
  140  8:36  SCV x2  
  140  8:37  Marauder  
  145  8:43  SCV  
  145  8:46  Marine  
  145  8:48  Widow Mine x2, SCV  
  152  8:49  Armory  
  152  8:50  Engineering Bay, SCV  
  152  8:53  Marine x3, Supply Depot  
  156  8:55  SCV  
  156  8:58  Refinery x2  
  156  9:01  Marauder x2  
  161  9:07  Marauder  
  161  9:08  Marine  
  164  9:14  Command Center  
  164  9:15  Widow Mine x2, Marine x2  
  164  9:16  Marine  
  170  9:22  Marine  
  170  9:23  Ghost  
  171  9:26  Supply Depot  
  171  9:27  Supply Depot  
  173  9:39  Marine x2, Ghost  
  173  9:40  Viking  
  173  9:41  Marine, Viking  
  173  9:42  Widow Mine, Ghost  
  173  9:44  Marine  
  164  9:47  Widow Mine  
  164  9:49  Supply Depot  
  164  9:52  Ghost  
  157  9:57  Marine  
  157  9:59  Marine  
  156  10:00  Marine  
  156  10:02  Terran Infantry Weapons Level 2  
  156  10:06  Marine  
  154  10:09  Marauder  
  154  10:10  Viking  
  154  10:11  Marauder  
  160  10:17  Terran Infantry Armor Level 2  
  160  10:21  Barracks, Marine x3  
  160  10:22  Barracks x2  
  160  10:24  Viking  
  160  10:26  Widow Mine  
  160  10:27  Widow Mine  
  169  10:30  Marine  
  169  10:33  Marauder x2  
  174  10:38  SCV x3  
  177  10:46  Refinery  
  177  10:47  Sensor Tower, Refinery  
  177  10:48  Viking  
  179  10:51  Widow Mine  
  179  10:52  Widow Mine  
  179  10:53  SCV  
  179  10:54  SCV, Viking  
  187  10:58  Planetary Fortress  
  187  11:01  Ghost  
  188  11:06  Marine x4  
  188  11:08  SCV  
  188  11:09  SCV  
  188  11:11  Barracks Tech Lab x3  
  194  11:20  Viking  
  194  11:21  Starport  
  194  11:23  Marauder x2  
  200  11:36  Terran Ship Weapons Level 1  
  200  11:40  Command Center  
  200  11:42  Missile Turret  
  200  11:47  Missile Turret  
  200  11:48  Command Center  
  200  11:53  Missile Turret  
  200  12:02  Personal Cloaking  
  200  12:05  Command Center  
  200  12:09  Missile Turret  
  200  12:11  Missile Turret  
  200  12:17  Viking  
  200  12:26  Viking  
  193  12:39  Viking  
  193  12:42  Viking  
  180  12:45  Marauder x2  
  180  12:46  Marauder x2  
  180  12:47  Marauder x2, Viking  
  180  12:49  Terran Infantry Weapons Level 3  
  180  12:51  Marine  
  185  12:53  Terran Infantry Armor Level 3  
  185  12:55  Marine x2  
  185  12:56  Viking  
  185  12:58  Marine  
  173  13:05  Ghost  
  173  13:06  Marauder, Ghost  
  173  13:09  Viking  
  181  13:17  Viking  
  181  13:18  Ghost x2  
  187  13:21  Ghost  
  180  13:28  Ghost  
  180  13:30  Viking  
  180  13:34  Viking  
  172  13:39  Viking  
  165  13:47  Marine, Viking  
  146  13:49  Marine  
  146  13:51  Marauder  
  132  13:57  Marine  
  132  14:00  Marine x2, Viking  
  135  14:03  Marauder  
  135  14:04  Marine, Viking  
  135  14:06  Marauder  
  135  14:07  Marine  
  141  14:14  Medivac  
  141  14:16  SCV x2  
  141  14:17  Marine  
  144  14:18  SCV  
  144  14:23  Marine x3  
  149  14:25  Marauder x4  
  149  14:27  Marine  
  149  14:28  SCV  
  149  14:30  SCV  
  161  14:33  Planetary Fortress  
  161  14:36  Orbital Command  
  164  14:45  Marauder  
  164  14:46  Marauder x2  
  164  14:47  SCV x2  
  164  14:48  SCV  
  164  14:51  Marine x3  
  168  14:53  Marine  
  168  14:59  SCV  
  171  15:00  SCV x2  
  171  15:01  Marauder x3  
  171  15:06  Marine  
  179  15:14  Marine x2  
  179  15:15  Marine x3  
  179  15:17  Missile Turret  
  179  15:18  SCV x2  
  186  15:21  SCV  
  186  15:22  SCV  
  186  15:23  SCV  
  186  15:26  Marauder  
  186  15:28  Marauder  
  193  15:30  SCV  
  193  15:32  Liberator  
  193  15:34  Liberator  
  200  15:42  Viking x2  
  197  15:45  Marauder  
  199  16:00  Fusion Core  
  188  16:12  Liberator, Viking  
  188  16:15  Liberator  
  188  16:17  Liberator  
  195  16:19  Marauder, Command Center  
  195  16:20  Marine, Refinery x2  
  195  16:21  Marine x2, Command Center  
  195  16:23  Marine x2  
  187  16:26  Marauder  
  187  16:28  Marine  
  188  16:43  Marine  
  188  16:44  Marine  
  192  16:48  Marauder x2  
  192  16:53  Marauder  
  193  16:54  Marauder x2, Marine x2  
Show
View Real Time Build Order
Export as new Build Order

Hellraiser Protoss 

Build Orders: 1 Gate Expand, Double Forge, Blink Stalkers 

Get SALT Encoding   

  12  0:00  Probe  
  13  0:12  Probe  
  14  0:17  Pylon  
  14  0:24  Probe (Chrono Boost)  
  16  0:36  Gateway  
  16  0:37  Probe (Chrono Boost)  
  16  0:42  Probe (Chrono Boost)  
  16  0:45  Assimilator  
  17  0:51  Probe  
  18  1:03  Probe  
  19  1:15  Probe  
  20  1:23  Cybernetics Core  
  20  1:32  Nexus  
  20  1:39  Pylon  
  20  1:42  Probe  
  21  1:49  Assimilator  
  22  1:54  Probe  
  22  1:56  Stalker (Chrono Boost)  
  24  2:02  Warp Gate  
  24  2:06  Probe (Chrono Boost)  
  26  2:16  Probe (Chrono Boost)  
  26  2:20  Adept  
  26  2:21  Probe (Chrono Boost)  
  29  2:27  Twilight Council  
  29  2:32  Probe  
  30  2:41  Gateway  
  30  2:47  Probe (Chrono Boost)  
  30  2:50  Probe (Chrono Boost)  
  32  2:55  Probe (Chrono Boost)  
  32  2:58  Probe (Chrono Boost)  
  33  3:01  Probe (Chrono Boost), Blink (Chrono Boost)  
  35  3:13  Probe x2 (Chrono Boost)  
  35  3:19  Robotics Facility  
  36  3:22  Probe (Chrono Boost)  
  36  3:24  Probe (Chrono Boost)  
  38  3:28  Probe  
  38  3:29  Pylon  
  39  3:38  Probe  
  39  3:40  Probe  
  41  3:50  Probe, Stalker x2  
  44  3:59  Nexus  
  44  4:00  Probe  
  45  4:03  Probe  
  45  4:06  Observer  
  47  4:12  Probe  
  47  4:13  Stalker  
  47  4:14  Stalker  
  47  4:16  Probe  
  53  4:18  Assimilator  
  53  4:20  Pylon  
  53  4:29  Probe, Pylon  
  54  4:37  Probe  
  54  4:43  Forge  
  54  4:46  Stalker x2  
  54  4:47  Probe  
  54  4:48  Charge, Forge  
  54  4:51  Probe  
  60  4:55  Observer  
  60  4:56  Observer  
  60  4:59  Probe  
  62  5:00  Gateway  
  62  5:05  Gateway  
  62  5:06  Probe  
  63  5:11  Probe x2  
  65  5:14  Gateway  
  65  5:20  Protoss Ground Armor Level 1 (Chrono Boost)  
  64  5:22  Probe  
  64  5:23  Protoss Ground Weapons Level 1 (Chrono Boost)  
  64  5:24  Probe  
  64  5:25  Observer  
  64  5:27  Probe  
  68  5:33  Gateway  
  68  5:34  Probe  
  69  5:36  Probe  
  69  5:39  Probe  
  69  5:40  Sentry  
  69  5:42  Gateway  
  73  5:44  Gateway  
  73  5:46  Probe  
  73  5:48  Probe  
  75  5:50  Zealot  
  75  5:52  Pylon  
  75  5:54  Observer  
  78  5:59  Zealot x2  
  78  6:01  Immortal (Chrono Boost), Pylon  
  85  6:10  Sentry  
  87  6:11  Pylon, Zealot  
  87  6:15  Pylon  
  87  6:17  Zealot  
  87  6:18  Observer  
  91  6:21  Zealot x2  
  91  6:23  Probe  
  91  6:25  Pylon  
  96  6:29  Zealot  
  98  6:34  Immortal  
  102  6:42  Zealot x4, Stalker  
  102  6:48  Probe x3  
  105  6:59  Zealot x2  
  105  7:00  Probe, Zealot  
  112  7:02  Photon Cannon  
  112  7:03  Stalker  
  112  7:06  Probe  
  112  7:08  Protoss Ground Armor Level 2 (Chrono Boost)  
  115  7:09  Probe  
  115  7:13  Probe, Protoss Ground Weapons Level 2 (Chrono Boost)  
  117  7:15  Observer  
  117  7:18  Probe  
  117  7:21  Probe  
  119  7:26  Pylon  
  119  7:30  Observer  
  119  7:36  Nexus  
  119  7:37  Zealot  
  119  7:38  Zealot x2  
  119  7:42  Photon Cannon  
  119  7:43  Photon Cannon  
  125  7:47  Robotics Bay  
  125  7:49  Zealot  
  125  7:50  Probe  
  125  7:51  Probe  
  129  7:54  Stalker  
  129  7:56  Stalker  
  133  8:06  Pylon  
  128  8:14  Probe  
  103  8:21  Probe x2  
  103  8:22  Stalker x4  
  103  8:26  Probe  
  104  8:33  Probe x2  
  108  8:34  Colossus (Chrono Boost)  
  108  8:38  Probe  
  108  8:40  Zealot  
  108  8:41  Zealot  
  115  8:45  Probe x2  
  117  8:51  Probe  
  117  8:52  Zealot x5  
  117  8:53  Probe  
  129  8:56  Shield Battery  
  129  9:01  Extended Thermal Lance  
  131  9:03  Probe  
  131  9:07  Zealot x3  
  136  9:10  Shield Battery  
  136  9:17  Colossus (Chrono Boost)  
  136  9:19  Zealot x2  
  146  9:27  Zealot x4  
  146  9:31  Zealot x2  
  130  9:46  Zealot x2  
  130  9:47  Probe x3  
  130  9:52  Nexus, Protoss Ground Armor Level 3 (Chrono Boost)  
  125  9:53  Pylon, Observer  
  125  9:55  Probe  
  125  9:57  Assimilator  
  125  9:58  Pylon, Assimilator  
  122  10:00  Probe  
  122  10:05  Colossus (Chrono Boost)  
  122  10:06  Probe  
  126  10:15  Zealot x5  
  126  10:16  Probe x2  
  126  10:19  Probe  
  126  10:21  Protoss Ground Weapons Level 3 (Chrono Boost)  
  139  10:22  Photon Cannon  
  139  10:27  Zealot x2  
  143  10:28  Zealot  
  145  10:40  Pylon  
  145  10:41  Probe  
  145  10:42  Probe x3  
  142  10:43  Observer  
  142  10:47  Zealot  
  142  10:49  Pylon  
  150  10:50  Warp Prism (Chrono Boost)  
  150  10:53  Pylon  
  150  10:56  Zealot x3  
  152  10:57  Zealot, Templar Archives  
  152  11:00  Zealot, Sentry  
  152  11:02  Zealot  
  160  11:06  Observer  
  160  11:10  Probe x3  
  162  11:12  Probe  
  162  11:13  Probe  
  164  11:20  Disruptor (Chrono Boost), Gravitic Drive (Chrono Boost)  
  164  11:23  Shield Battery  
  164  11:25  Zealot x3, Shield Battery  
  173  11:26  Pylon  
  173  11:45  Pylon  
  173  11:46  Nexus, Disruptor (Chrono Boost)  
  173  11:47  High Templar x2  
  173  11:48  Zealot x2  
  173  11:51  Archon  
  173  11:53  Shield Battery  
  184  11:54  Pylon  
  184  11:57  Shield Battery  
  183  12:02  Shield Battery  
  183  12:03  Zealot x4  
  191  12:13  Shield Battery  
  191  12:18  Zealot x2  
  195  12:27  Stalker x2  
  177  12:45  Stalker x6  
  177  12:46  Nexus, Disruptor  
  160  13:07  Stalker x2  
  160  13:08  Stalker x6  
  160  13:10  Protoss Shields Level 1 (Chrono Boost)  
  176  13:14  Gateway  
  176  13:22  Disruptor (Chrono Boost)  
  167  13:32  Zealot x8  
  175  13:36  Probe  
  168  13:45  Probe  
  147  13:55  Zealot x8  
  135  13:58  Observer (Chrono Boost)  
  126  14:05  Probe  
  124  14:10  Probe x3  
  122  14:17  Probe  
  122  14:22  Probe x3  
  122  14:23  Colossus (Chrono Boost)  
  122  14:24  Stalker x9  
  137  14:29  Probe  
  150  14:34  Probe x4  
  154  14:41  Probe  
  154  14:46  Probe x4  
  156  14:55  Zealot x8  
  171  15:09  Observer (Chrono Boost)  
  171  15:10  Nexus  
  172  15:16  High Templar x4  
  172  15:17  Sentry  
  172  15:18  Zealot x3  
  172  15:20  Archon x2  
  188  15:22  Zealot, Colossus (Chrono Boost)  
  195  15:41  Pylon  
  183  15:43  Zealot x4  
  189  15:50  Stalker x4  
  189  15:54  Zealot  
  181  16:09  Zealot x4  
  184  16:12  Colossus (Chrono Boost)  
  184  16:15  Zealot x5  
  184  16:17  Probe x2  
  181  16:19  Probe  
  181  16:20  Probe x2  
  170  16:31  Zealot x4  
  168  16:34  Probe  
  168  16:35  Probe  
  162  16:47  Zealot  
  162  16:48  Zealot x4  
  162  16:51  Stalker  
  162  16:52  Stalker x3  
  149  16:59  Probe  
  149  17:00  Probe x2  
  118  17:02  Probe  
  118  17:08  Stalker x5  
Tags
 
Add a new tag
Caveats
  • Supply blocks, unpowered buildings, or Contaminate may cause inaccurate times.
  • Supply counts are checked every 10 seconds.